 Dungeon Crawl Stone Soup version 0.19.1 (webtiles) character file.

84 Pytinka the Covered (level 4, -4/40 HPs)
             Began as a Minotaur Fighter on Dec 25, 2016.
             Slain by Sigmund
             ... wielding a +0 scythe of flaming
              (8 damage)
             ... on level 2 of the Dungeon.
             The game lasted 00:02:47 (1113 turns).

Pytinka the Covered (Minotaur Fighter)              Turns: 1113, Time: 00:02:48

Health: -4/40      AC:  7    Str: 22    XL:     4   Next: 23%
Magic:  3/3        EV:  8    Int:  5    God:
Gold:   107        SH:  9    Dex:  9    Spells: 0 memorised, 3 levels left

rFire  . . .     SeeInvis .     a - +0 trident
rCold  . . .     Gourm    .     b - +0 scale mail
rNeg   . . .     Faith    .     c - +0 shield
rPois  .         Spirit   .     (helmet restricted)
rElec  .         Reflect  .     (no cloak)
rCorr  .         Harm     .     (no gloves)
MR     .....                    (no boots)
Stlth  ..........               (no amulet)
                                (no ring)
                                (no ring)

@: no status effects
A: retaliatory headbutt, horns 2
a: no special abilities


You were on level 2 of the Dungeon.
You were not hungry.

You visited 1 branch of the dungeon, and saw 2 of its levels.

You collected 107 gold pieces.

Inventory:

Hand Weapons
 a - a +0 trident (weapon)
Armour
 b - a +0 scale mail (worn)
 c - a +0 shield (worn)
Scrolls
 g - a scroll of magic mapping {unknown}
 j - 5 scrolls of identify {unknown}
 l - 2 scrolls of remove curse {unknown}
 o - a scroll of fog {unknown}
 r - a scroll of teleportation {unknown}
Potions
 d - a potion of might
 e - a potion of degeneration {unknown}
 h - a potion of agility {unknown}
 i - a potion of lignification {unknown}
 k - a potion of ambrosia {unknown}
 m - 2 potions of cure mutation {unknown}
 n - a potion of brilliance {unknown}
Comestibles
 f - 3 bread rations
 p - a beef jerky
 q - a meat ration


   Skills:
 + Level 4.2 Fighting
 + Level 3.5 Polearms
 + Level 4.4 Armour
 + Level 1.2 Dodging
 + Level 4.1 Shields


You had 3 spell levels left.
You didn't know any spells.

Dungeon Overview and Level Annotations

Branches:
Dungeon (2/15)

Altars:

Annotations:
D:2 Sigmund


Innate Abilities, Weirdness & Mutations

You reflexively headbutt those who attack you in melee.
You have a pair of horns on your head.


Message History

Sigmund gestures wildly while chanting.
Sigmund flickers and vanishes!
Deactivating autopickup; reactivate with Ctrl-A.
No target in view!
No target in view!
No target in view!
No target in view!
Something hits you! Something burns you.
You closely miss something. Something hits you.
* * * LOW HITPOINT WARNING * * *
Something burns you.
* * * LOW HITPOINT WARNING * * *
You closely miss something. Something hits you.
* * * LOW HITPOINT WARNING * * *
Something burns you.
* * * LOW HITPOINT WARNING * * *
You closely miss something. Something hits you but does no damage.
Your shield and scale mail prevent you from hitting something.
You barely miss something. Something hits you!
You die...

### #.### #{..#
#@#.# #.#.#######
#$........########
#...$..###..........
#####..# #..########
# #..# #..# ##.
...###<.########
...................
#.#######.########


There were no monsters in sight!

Vanquished Creatures
  Ijyb (D:2)
  An adder (D:2)
  An ooze (D:2)
  A worm (D:2)
  A dart slug (D:1)
  2 leopard geckos
  4 bats
  2 giant cockroaches (D:1)
  8 goblins
  5 hobgoblins
  4 kobolds (D:1)
  2 frilled lizards (D:1)
  4 rats
36 creatures vanquished.

Notes
Turn   | Place    | Note
-------+----------+-------------------------------------------
     0 | D:1      | Pytinka the Minotaur Fighter began the quest for the Orb.
     0 | D:1      | Reached XP level 1. HP: 19/19 MP: 0/0
    84 | D:1      | Reached XP level 2. HP: 23/27 MP: 1/1
   627 | D:1      | Reached XP level 3. HP: 33/33 MP: 2/2
   930 | D:2      | Noticed Ijyb
   940 | D:2      | Killed Ijyb
   941 | D:2      | Reached XP level 4. HP: 40/40 MP: 3/3
  1007 | D:2      | Reached skill level 1 in Dodging
  1101 | D:2      | Noticed Sigmund
  1113 | D:2      | Slain by Sigmund

Skill      XL: |  1  2  3  4 |
---------------+-------------+-----
Armour         | 4 |  4.4
Fighting       | 4 |  4.2
Polearms       | 3 |  3.5
Shields        | 4 |  4.1
Dodging        | 1 |  1.2

Action                   |  1- 3 |  4- 6 || total
-------------------------+-------+-------++-------
Melee: Trident           |    86 |    31 ||   117
       Headbutt          |     6 |     1 ||     7
  Eat: Chunk             |       |     1 ||     1
Armor: Scale mail        |    29 |    11 ||    40
Dodge: Dodged            |    16 |    11 ||    27
Block: Shield            |    29 |    14 ||    43
